[Event "European Women Blitz-ch 2024"]
[Site "Monaco"]
[Date "2025.01.10"]
[Round "12.7"]
[White "Narva, Mai"]
[Black "Stefanova, Antoaneta"]
[Result "1/2-1/2"]
[Annotator "TA"]
[ECO "C73"]
[WhiteElo "2398"]
[BlackElo "2418"]
[PlyCount "97"]
[EventDate "2025.01.06"]
[EventType "swiss"]
[EventCountry "MNC"]
[SourceTitle "playchess.com"]
[Source "ChessBase"]
[SourceQuality "1"]
[TimeControl "180+2"]

1. e4 e5 2. Nf3 Nc6 3. Bb5 a6 4. Ba4 d6 5. O-O Bd7 6. c4 Nf6 7. Nc3 Be7 8. Bxc6 bxc6 9. d4 exd4 10. Nxd4 O-O 11. b3 c5 12. Nf3 a5 13. e5 Ng4 $1 14. Bf4 Bc6 15. exd6 (15. Re1 {is more complex.} a4 16. h3 dxe5 17. Bg3) 15... Bxd6 16. Bxd6 Qxd6 17. Qxd6 cxd6 18. Rad1 Rfd8 19. Ng5 a4 20. Nge4 axb3 21. axb3 Rab8 22. Nxd6 Rxb3 23. Nce4 Bxe4 24. Nxe4 Rxd1 25. Rxd1 $11 {[%emt 0:00:02][%cal Rd1d8][%mdl 4096] Endgame KRN-KRN} g6 26. h3 Ne5 27. Rd5 Nxc4 28. Rxc5 Nb2 29. Rc7 h6 30. Nd6 Nd3 (30... f6 $11) 31. Nxf7 (31. Rxf7 $5 Rb1+ 32. Kh2 $11) 31... Rb1+ 32. Kh2 Nxf2 33. Ne5 (33. Nxh6+ $14 Kh8 34. Nf7+ Kg7 35. Nd6+ Kg8 36. Rc8+ Kg7 37. Rc7+) 33... Rh1+ (33... g5 $11) 34. Kg3 $14 Ne4+ 35. Kf4 Nf6 36. Rc8+ Kg7 37. Rc7+ Kg8 {[%emt 0:00:00] aiming for ...Nd5+.} 38. Rc6 Nh5+ ({Better is} 38... Rf1+ $11 39. Kg3 g5) 39. Ke4 ({White should try} 39. Kg4 $14) 39... Re1+ $11 40. Kd4 Nf4 41. Nxg6 Nxg2 42. Ne5 Nf4 {[%emt 0:00:01] Against Rg6+} 43. Rxh6 Rh1 44. h4 Kg7 45. Ra6 Rxh4 46. Nf3 Rh3 47. Ne5 Ne2+ 48. Kd5 Nf4+ 49. Kd4 1/2-1/2

[Event "European Women Blitz-ch 2024"]
[Site "Monaco"]
[Date "2025.01.10"]
[Round "12.8"]
[White "Gvetadze, Sofio"]
[Black "Khademalsharieh, Sarasadat"]
[Result "0-1"]
[Annotator "TA"]
[ECO "B10"]
[WhiteElo "2298"]
[BlackElo "2458"]
[PlyCount "150"]
[EventDate "2025.01.06"]
[EventType "swiss"]
[EventCountry "MNC"]
[SourceTitle "playchess.com"]
[Source "ChessBase"]
[SourceQuality "1"]
[TimeControl "180+2"]

1. Nf3 d5 2. g3 Nd7 3. Bg2 e5 4. d3 Ngf6 5. O-O c6 6. Nbd2 Bd6 7. e4 O-O 8. Re1 Re8 9. c3 Nc5 10. Qc2 Bc7 11. b4 dxe4 $1 12. bxc5 exf3 13. Nxf3 Bf5 14. Rd1 Qd7 15. Nh4 Bg4 16. f3 (16. Re1 $15) 16... Be6 $17 {[%emt 0:00:11] Black is more active.} 17. d4 exd4 18. cxd4 Nd5 19. Rb1 (19. f4 $17 Bh3 20. Nf3) 19... Bd8 $19 20. Qb2 $2 (20. Bf1 {was the only chance.}) 20... Bxh4 (20... g5 $142 21. g4 gxh4) 21. gxh4 Rab8 22. Bd2 h6 23. Qa3 (23. Re1 $142) 23... a6 24. Be1 (24. Re1 $142) 24... Bh3 25. Bg3 Rbd8 26. Re1 Bxg2 27. Kxg2 Ne7 (27... Qf5 $1 $19 28. Qb3 (28. Rxe8+ $2 Rxe8 29. Qb2 Qd3 $19) 28... Re3 29. Rxe3 Nxe3+ 30. Kf2 Nc2 (30... Rxd4 31. Kxe3 Qxc5 32. Ke2 $16)) 28. Qb2 Nf5 $1 (28... Qxd4 $2 29. Qxd4 Rxd4 30. Rxb7 $18) 29. Rxe8+ Rxe8 30. Qxb7 (30. Bf2 $17) 30... Re2+ $2 (30... Qxd4 31. Qxc6 Re6 (31... Nxh4+ $2 32. Bxh4 Re2+ 33. Kh1 $18) (31... Re2+ 32. Kh3 $17) 32. Qb7) (30... Qd5 $1 $19 31. Qb3 Qxd4 (31... Re2+ 32. Kf1 $11)) 31. Kf1 $11 Qe6 (31... Qxd4 $2 32. Qc8+ $18 (32. Kxe2 Qe3+ 33. Kf1 Nxg3+ 34. Kg2 Nh5 $18)) 32. Rb2 $2 (32. Qb3 $11) 32... Re3 $2 (32... Nxd4 $19 {is more deadly. ( -> ...Qh3+)} 33. Qc8+ Qxc8 34. Rxe2 Nxe2 35. Kxe2 Qe6+ 36. Kd3 Qxa2) 33. Qb8+ $17 Kh7 {[%emt 0:00:01][%mdl 1024] Black has strong compensation.} 34. Qf4 {[%emt 0:00:02] [#]} Qc4+ $2 ({Black should try} 34... Ne7 $1 $17 {[%cal Re7d5] And now ...Nd5 would win.} 35. Bf2 Qh3+ 36. Kg1 Rxf3 37. Qe4+ Ng6 (37... Nf5 38. Rb3 $11)) 35. Kg2 $11 Qe6 (35... Qxd4 $2 36. Qxf5+ g6 37. Qxf7+ Qg7 38. Rb7 (38. Qxg7+ Kxg7 39. Rb7+ Kf6 $18) 38... Re2+ 39. Kh3 Qxf7 40. Rxf7+ $18) 36. Rf2 $2 {[%emt 0:00:01] [#]} (36. h5 $11) 36... Rd3 $2 (36... Re1 $1 $19 37. h3 Qg6) 37. Qe4 Rxd4 38. Qxe6 fxe6 {[%emt 0:00:01][%mdl 4096] Endgame KRB-KRN} 39. Rb2 Rd5 (39... Nxh4+ 40. Bxh4 Rxh4 41. Rb6) 40. Rb6 Rxc5 41. Rxa6 Rc2+ 42. Kh3 c5 43. Rxe6 Rxa2 44. Rc6 Rc2 45. Rc7 c4 (45... h5 $15) 46. Be5 h5 47. Rc6 Rc1 48. Bf4 Rf1 49. Kg2 Ra1 (49... Nxh4+ $2 50. Kxf1 g5 51. Bxg5 Nxf3 52. Bf4 $18) 50. Rxc4 Nxh4+ 51. Kg3 Nf5+ 52. Kh3 Ra3 53. Kg2 Nh4+ 54. Kg3 Nxf3 (54... Rxf3+ $2 {is the wrong capture.} 55. Kxh4 Ra3 56. Kxh5 $18) 55. Kf2 Nh4 56. Be5 Ra2+ 57. Ke3 Nf5+ 58. Kf4 Rf2+ 59. Kg5 Ne3 60. Rc7 $2 (60. Re4 $15 Rf5+ 61. Kh4) 60... Rf5+ $19 61. Kh4 Rxe5 {[%emt 0:00:01] KRN-KR} 62. Kg3 Ra5 63. Kf3 Nd5 64. Rd7 Nf6 65. Rb7 Ra3+ 66. Kf4 Ra5 $2 (66... Kh6 $19 67. h4 Rh3) 67. h4 $2 (67. Kf3 $11 Ra3+ 68. Kg2) 67... Kg6 (67... Ra4+ $142 68. Kg3 Ne4+ 69. Kf3 Nd6 70. Rb8 g6 (70... Rxh4 $2 71. Rb6 $19) 71. Kg2 Nf5 (71... Rxh4 $2 72. Rf8 $19) 72. Re8 Rg4+ (72... Rxh4 $2 73. Re2 $19) (72... Nxh4+ $2 73. Kh3 $19) 73. Kh1 Rxh4+ (73... Nxh4 $2 74. Kh2 $19) 74. Kg2 Rg4+ 75. Kh2 Kh6 76. Re1 Kg5 77. Kh1 Kh4 78. Kh2 g5 79. Re2 Rf4 80. Kg2 g4 81. Kg1 g3 82. Kh1 Kg4 83. Kg1 Kh3 84. Re6 Nd4 85. Re5 h4 (85... Nf3+ {is a self mate.} 86. Kf1 Nxe5+ 87. Ke2 g2 88. Ke3 Rc4 89. Ke2 g1=Q 90. Kd2 Qc1+ 91. Ke2 Rc2#) 86. Re1 Rf2 (86... Nf3+ 87. Kf1 Nd4+ 88. Kg1 Rf2 89. Re3 Nf3+ 90. Rxf3 Rxf3 91. Kh1 Rf1#) 87. Re3 Nf3+ 88. Rxf3 Rxf3 89. Kh1 Rf1#) 68. Rb6 Ra4+ 69. Kg3 Kf5 (69... Rg4+ $142 70. Kh3 Kf5 71. Rb5+ Kf4 (71... Kg6 $2 72. Re5 $19) 72. Rb4+ Ke5 73. Rb8 Nd5 74. Kh2 Rxh4+ 75. Kg3 Rg4+ 76. Kf3 Rf4+ 77. Kg3 Rd4 78. Rh8 Rd3+ 79. Kf2 g6 80. Ra8 Kf5 81. Ra1 h4 82. Ra7 Kg4 83. Ra6 Nf4 84. Ra1 h3 85. Rh1 Ra3 86. Rg1+ Kh4 87. Rb1 h2 88. Rh1 Kh3 89. Rd1 g5 90. Rd8 Ra2+ (90... h1=B $2 91. Rh8+ Kg4 92. Rxh1 $19) 91. Ke3 Re2+ (91... h1=Q 92. Rh8+ Kg2 93. Rxh1 Re2+ 94. Kd4 Kxh1 95. Kc5 g4 96. Kd4 g3 97. Kc4 g2 98. Kc5 g1=Q+ 99. Kc6 Rc2+ 100. Kd7 Qa7+ 101. Kd8 Ne6+ 102. Ke8 Rc8#) 92. Kd4 Rd2+ (92... h1=B $2 93. Rh8+ Kg2 94. Kc3 $19) 93. Kc5 Rxd8 (93... h1=Q $2 94. Rh8+ Kg2 95. Rxh1 $19) 94. Kc6 h1=Q+ (94... h1=B+ $2 95. Kb6 $19) 95. Kc5 Qc1+ 96. Kb6 Rb8+ 97. Ka7 Qc7+ 98. Ka6 Qb6#) 70. Rb7 Ne4+ 71. Kh3 Ra3+ 72. Kh2 Rg3 73. Rf7+ Ke6 74. Rf4 Rg4 75. Rf1 Rxh4+ 0-1

[Event "European Women Blitz-ch 2024"]
[Site "Monaco"]
[Date "2025.01.10"]
[Round "12.9"]
[White "Sliwicka, Alicja"]
[Black "Osmak, Yuliia"]
[Result "1/2-1/2"]
[Annotator "TA"]
[ECO "B00"]
[WhiteElo "2344"]
[BlackElo "2463"]
[PlyCount "204"]
[EventDate "2025.01.06"]
[EventType "swiss"]
[EventCountry "MNC"]
[SourceTitle "playchess.com"]
[Source "ChessBase"]
[SourceQuality "1"]
[TimeControl "180+2"]

1. e4 Nc6 2. d4 d5 3. e5 f6 4. Bf4 fxe5 5. dxe5 Bf5 6. Bd3 Bxd3 7. Qxd3 e6 8. Ne2 Qd7 9. a3 O-O-O 10. b4 g5 11. Bxg5 Be7 12. Bxe7 Ngxe7 13. f4 Rdg8 14. g3 h5 15. Nd2 h4 16. O-O-O Nf5 17. c4 Nce7 18. c5 Qa4 19. Kb2 a5 20. b5 d4 21. Qb3 Qxb3+ 22. Nxb3 Ne3 23. Rdg1 d3 24. Ned4 Rg6 25. gxh4 Rxg1 26. Rxg1 Rxh4 27. Kc3 N3d5+ 28. Kxd3 Nxf4+ 29. Ke3 Ned5+ 30. Kf3 Rh3+ 31. Kg4 Rxh2 32. c6 bxc6 33. bxc6 a4 34. Nc5 Rh6 35. Kf3 Rh3+ 36. Kf2 Rh2+ 37. Kg3 Rh6 38. Kf3 Rh3+ 39. Kg4 Rh8 40. Re1 Rh6 41. Kf3 Rh3+ 42. Kg4 Rh6 43. Nxa4 Rg6+ 44. Kf3 Nd3 45. Rh1 Nxe5+ 46. Ke4 Nf7 47. Rf1 Nd6+ 48. Kd3 Rg3+ 49. Kc2 Ne3+ 50. Kb2 Nxf1 51. Nxe6 Re3 52. Nd4 Rd3 53. Nc2 Nc4+ 54. Ka2 Rxa3+ 55. Nxa3 Ne5 56. Kb3 Nxc6 57. Nc5 Nd2+ 58. Kc3 Nf3 59. Nc4 Ne7 60. Ne3 Ne5 61. Kd4 N5c6+ 62. Kc4 Na5+ 63. Kb4 Nac6+ 64. Kc4 Ne5+ 65. Kd4 Nf3+ 66. Kc4 Nc6 67. Nf5 Nce5+ 68. Kd5 Ng6 69. Ke4 Ng5+ 70. Kd5 Nf3 71. Ke4 Nd2+ 72. Kd3 Nf3 73. Ke4 Ng5+ 74. Kd5 Nf4+ 75. Ke5 Ne2 76. Kd5 Nf3 77. Ne7+ Kd8 78. Nc6+ Ke8 79. Ne6 Kd7 80. Nc5+ Kc8 81. Ne7+ Kd8 82. Nc6+ Ke8 83. Ne6 Nc3+ 84. Kc4 Kd7 85. Kxc3 Kxe6 86. Kc4 Kd6 87. Na7 Ne5+ 88. Kb4 $1 c5+ (88... Kd5 $5) 89. Kc3 Kd5 90. Nc8 Nd7 91. Ne7+ Kd6 92. Nf5+ Ke5 93. Ne3 Ke4 94. Nc4 Nf6 95. Nb6 Ke5 96. Kc4 Kd6 97. Nc8+ Kc6 98. Ne7+ Kd6 99. Nc8+ Kc6 100. Ne7+ Kd7 101. Kxc5 Kxe7 102. Kd4 Ke6 1/2-1/2

[Event "European Women Blitz-ch 2024"]
[Site "Monaco"]
[Date "2025.01.10"]
[Round "12.10"]
[White "Toncheva, Nadya"]
[Black "Papp, Petra"]
[Result "1/2-1/2"]
[Annotator "TA"]
[ECO "B15"]
[WhiteElo "2313"]
[BlackElo "2235"]
[PlyCount "81"]
[EventDate "2025.01.06"]
[EventType "swiss"]
[EventCountry "MNC"]
[SourceTitle "playchess.com"]
[Source "ChessBase"]
[SourceQuality "1"]
[TimeControl "180+2"]

1. e4 c6 2. d4 d5 3. Nc3 dxe4 4. Nxe4 Nf6 5. Nxf6+ exf6 6. c3 Bd6 7. Bd3 O-O 8. Ne2 Re8 9. O-O Na6 10. Ng3 Nc7 11. Nf5 Bxf5 12. Bxf5 g6 13. Bd3 Bf8 14. Bf4 Nd5 15. Bg3 f5 16. Qd2 {[%emt 0:00:06] Prevents f4.} Qd7 17. Rfe1 h5 18. Be5 Bg7 19. Bxg7 Kxg7 20. h3 Qd6 21. Bf1 Nf6 22. Bd3 Nd5 23. Rxe8 Rxe8 24. Re1 Re6 25. Rxe6 Qxe6 $11 {[%emt 0:00:01][%mdl 4096] Endgame KQB-KQN} 26. Qe2 Nf4 27. Qxe6 fxe6 {[%emt 0:00:01] KB-KN} 28. Bc4 Kf6 29. h4 e5 30. g3 Nd5 31. dxe5+ Kxe5 32. Kf1 f4 {[%emt 0:00:18] ...fxg3 is the strong threat.} 33. Ke2 fxg3 34. fxg3 Ne7 35. Kf3 Nf5 36. Bd3 b6 37. Bc4 Nd6 38. Bd3 Nf5 39. Bc4 Nd6 40. Bd3 Nf5 41. Bc4 1/2-1/2

[Event "European Women Blitz-ch 2024"]
[Site "Monaco"]
[Date "2025.01.10"]
[Round "12.11"]
[White "Cramling Bellon, Anna"]
[Black "Berend, Elvira"]
[Result "1-0"]
[Annotator "TA"]
[ECO "E11"]
[WhiteElo "2052"]
[BlackElo "2237"]
[PlyCount "62"]
[EventDate "2025.01.06"]
[EventType "swiss"]
[EventCountry "MNC"]
[SourceTitle "playchess.com"]
[Source "ChessBase"]
[SourceQuality "1"]
[TimeControl "180+2"]

1. d4 Nf6 2. c4 e6 3. Nf3 Bb4+ 4. Bd2 a5 5. a3 Bxd2+ 6. Qxd2 O-O 7. Nc3 d6 8. e4 Nc6 9. Be2 e5 10. d5 Ne7 11. O-O Ng6 12. g3 Bg4 13. b4 Nd7 (13... h6 {simplifies} 14. Rfb1 Nd7 15. Ne1 Bxe2 16. Qxe2 Ne7) 14. Kg2 h6 15. h3 Bxf3+ 16. Bxf3 Qg5 (16... Ne7 $14) 17. Qxg5 $16 hxg5 18. Bg4 Nf6 19. Rfe1 (19. Nb5 $16) 19... c6 20. c5 Rfd8 21. Red1 Ne8 22. Na4 axb4 23. axb4 (23. dxc6 $5 bxc6 24. axb4 $14) 23... cxd5 24. exd5 ({Don't play} 24. Rxd5 Ne7 25. Rdd1 Nc6 $11) 24... Ne7 25. Nb6 (25. Bf3 $14) 25... Rab8 (25... Rxa1 $11 {remains equal.} 26. Rxa1 Nf6 (26... dxc5 27. bxc5 Nxd5 28. Rd1 $11)) 26. Ra7 {[%emt 0:00:01] White is much more active.} f5 27. Be2 Nc7 $2 {[%emt 0:00:05][%mdl 8192] [#] Black is weak on the light squares} (27... Kf8 $14) 28. c6 $1 $18 {[%emt 0:00:05][%cal Bc5c6,Bc6b7][%mdl 544] And now Nd7 would win.} Kf8 (28... Ncxd5 $142 29. Nxd5 Nxc6) (28... Nxc6 29. dxc6) 29. cxb7 e4 30. Bc4 Ne8 $2 (30... Ng8 31. b5 Nf6) 31. Rda1 Nf6 1-0

[Event "European Women Blitz-ch 2024"]
[Site "Monaco"]
[Date "2025.01.10"]
[Round "12.12"]
[White "Kulon, Klaudia"]
[Black "Hrebenshchykova, Yelyzaveta"]
[Result "1-0"]
[Annotator "TA"]
[ECO "A13"]
[WhiteElo "2393"]
[BlackElo "2280"]
[PlyCount "57"]
[EventDate "2025.01.06"]
[EventType "swiss"]
[EventCountry "MNC"]
[SourceTitle "playchess.com"]
[Source "ChessBase"]
[SourceQuality "1"]
[TimeControl "180+2"]

1. c4 Nf6 2. g3 e6 3. Bg2 d5 4. Nf3 d4 5. O-O Nc6 6. e3 e5 7. exd4 e4 8. Re1 {[%emt 0:00:14] d5 would now be deadly.} Be7 $1 9. Ng5 Nxd4 10. Nxe4 (10. Bxe4 Nxe4 11. Nxe4 h5 $17) 10... Nxe4 11. Bxe4 h5 12. h4 $2 (12. d3 $11 {and White stays safe.}) 12... c6 (12... Bg4 13. f3 Be6 14. d3 $17) (12... g5 $1 $19 13. hxg5 Bg4 14. Qa4+ Kf8) 13. d3 $1 $15 Bg4 $36 {[%emt 0:00:07][%mdl 3072] Black has compensation. Black is pushing.} 14. f3 Be6 15. f4 ({White must play} 15. Be3 $1 $15) 15... Bg4 $19 16. Qd2 {[%emt 0:00:01] [#]} O-O (16... Bc5 $1 $19 17. Bh1+ (17. Bxc6+ $2 Kf8 $19) 17... Be7 (17... Ne2+ $2 18. Kh2 $18)) 17. Qf2 $17 Re8 18. Be3 Bf6 {[%emt 0:00:14][%cal Oe8e4] And now ...Rxe4! would win.} 19. Nc3 Qd7 20. Bg2 g6 ({Better is} 20... Nf5 $15 21. Ne4 Nxe3 (21... Qxd3 22. Nxf6+ gxf6 23. Bf1 $17) 22. Nxf6+ gxf6 23. Rxe3 Rxe3 24. Qxe3 Re8 25. Qxa7 Qxd3) 21. Ne4 $14 (21. Nd5 Ne2+ (21... cxd5 22. Bxd4 Bxd4 23. Qxd4 $16) 22. Rxe2 cxd5 $11) 21... Bg7 22. Kh2 (22. Nc5 $14 Qd6 23. Nxb7) 22... Rad8 (22... Nf5 {with more complications.} 23. Bxa7 Qxd3 24. Bf1 Qf3) 23. Nc5 Qc7 (23... Qe7 {simplifies} 24. Ne4 f5 25. Nc3 Qf7) 24. Bxd4 (24. Qd2 $11) 24... Bxd4 $4 (24... Rxe1 $15 {keeps the upper hand.} 25. Qxe1 Bxd4 (25... Rxd4 26. Rb1 $15)) 25. Rxe8+ $18 Kg7 {[%emt 0:00:02] [#]} 26. Qe1 $1 Rxe8 27. Qxe8 Bxc5 28. Re1 {[%emt 0:00:05] Inhibits Be7.} Bd4 $2 (28... Bd7 29. Qe5+ Qxe5 30. Rxe5 Bd6) 29. Re7 1-0

[Event "European Women Blitz-ch 2024"]
[Site "Monaco"]
[Date "2025.01.10"]
[Round "12.13"]
[White "Shvedova, Alexandra"]
[Black "Zhukova, Natalia"]
[Result "1-0"]
[Annotator "TA"]
[ECO "C55"]
[WhiteElo "2266"]
[BlackElo "2306"]
[PlyCount "69"]
[EventDate "2025.01.06"]
[EventType "swiss"]
[EventCountry "MNC"]
[SourceTitle "playchess.com"]
[Source "ChessBase"]
[SourceQuality "1"]
[TimeControl "180+2"]

1. e4 e5 2. Nf3 Nc6 3. Bc4 Nf6 4. d3 Be7 5. O-O O-O 6. Re1 d6 7. a4 Na5 8. Ba2 c5 9. c3 Nc6 10. Nbd2 Be6 11. Nc4 h6 12. h3 Qd7 13. d4 exd4 (13... cxd4 {is more complex.} 14. cxd4 exd4 15. e5 Nd5) 14. cxd4 cxd4 15. Nxd4 (15. e5 $1 $11 Nd5 16. Nxd4 Nxd4 17. Qxd4) 15... Nxd4 $17 16. Qxd4 Rac8 (16... Qxa4 $17 17. b3 Qc6) 17. Bf4 Qxa4 18. b3 (18. b4 $11 {remains equal.} Qxb4 19. Reb1) 18... Qb4 19. Rad1 (19. Bxd6 $2 Bxd6 20. Qxd6 Rxc4 21. Qxb4 Rxb4 $19) 19... Rfd8 20. Bd2 (20. Bxd6 $15 Bxd6 (20... Rxc4 $2 21. Qxc4 $18) 21. Nxd6 Qxd4 22. Rxd4) 20... Qc5 21. Be3 (21. Qa1 $17) 21... Qxd4 $19 22. Bxd4 {[%emt 0:00:04] [#]} Nd7 (22... d5 $1 $19 {[%cal Rd5c4] is more deadly.} 23. Nd6 Bxd6 (23... Rxd6 $2 24. e5 $19)) 23. Rd2 (23. f4 $17) 23... b6 (23... Nc5 $19 24. f4 d5 25. exd5 Rxd5) 24. f4 (24. Ne3 $142) 24... f6 (24... Nc5 $17 25. f5 Bd7) 25. Bf2 Nc5 26. Rd4 (26. b4 $15 Nb3 27. Ne3 (27. Bxb3 Bxc4 28. Bxc4+ Rxc4 $17) 27... Nxd2 28. Bxe6+ Kf8 29. Nd5) 26... Bf7 27. Red1 (27. Ne3 $17) 27... Ne6 28. R4d2 Nxf4 29. Bg3 Ne6 30. Bxd6 {[%emt 0:00:02] [#]} Bxd6 $2 (30... Bf8 $1 $19 {White must now prevent ...b5.} 31. e5 b5) 31. Nxd6 $11 Rc7 32. b4 {[%emt 0:00:01] and Nxf7 should not be overlooked} Ng5 $2 (32... Rcd7 $1 $11 {and Black has nothing to worry.}) 33. Nxf7 $18 Rxd2 34. Nxg5+ Rxa2 $2 (34... Kh8 $18 35. Rxd2 (35. Nf7+ Rxf7 36. Rxd2 Rc7 $18) 35... hxg5) 35. Rd8# 1-0

[Event "European Women Blitz-ch 2024"]
[Site "Monaco"]
[Date "2025.01.10"]
[Round "12.14"]
[White "Charkhalashvili, Inga"]
[Black "De Seroux, Camille"]
[Result "1-0"]
[Annotator "TA"]
[ECO "A50"]
[WhiteElo "2240"]
[BlackElo "2068"]
[PlyCount "53"]
[EventDate "2025.01.06"]
[EventType "swiss"]
[EventCountry "MNC"]
[SourceTitle "playchess.com"]
[Source "ChessBase"]
[SourceQuality "1"]
[TimeControl "180+2"]

1. d4 Nf6 2. c4 Nc6 3. Nc3 e5 4. d5 Ne7 5. e4 Ng6 6. Bd3 Bb4 7. Nge2 a5 8. O-O O-O 9. a3 Bc5 10. Be3 Bxe3 11. fxe3 Ng4 12. Rf3 d6 13. h3 Nf6 14. Ng3 Nh4 15. Rf2 c6 (15... Nd7 $11 {deserves consideration.}) 16. Kh2 Nd7 17. Be2 {[%emt 0:00:24] White is more active.} Qg5 18. Qd2 $1 Nc5 19. Bd1 {[%emt 0:00:07] Against Nb3} (19. Raf1 $16) 19... a4 (19... Qh6 $11) 20. dxc6 (20. Bc2 $14) 20... bxc6 $11 21. Qxd6 Ne6 (21... Qxe3 $11 22. Re2 Qd4) 22. Qxc6 (22. Nxa4 Rd8 (22... Qxe3 23. Qd2 $11) 23. Qxc6 Ra6 $19) (22. Bxa4 $16 Rd8 23. Qb4 (23. Qxc6 Bd7 $14) 23... Qxe3 24. Raf1) 22... Ba6 $2 (22... Ra6 $15 {stays ahead.} 23. Qb5 Qxe3) 23. Nd5 $18 (23. Nxa4 Qxe3 24. Re2 Qg5 $11) (23. Bxa4 Rfc8 $18) 23... Rfc8 24. Qd7 ({Weaker is} 24. Qxa4 Bxc4 25. Qd7 Rf8 $18) 24... Rc7 $2 (24... Kh8 25. Be2 (25. Qxa4 Bxc4 26. Qb4 Bxd5 $18) (25. Rxf7 Qh6 $18) (25. Qxf7 $2 {loses.} Rf8 $19) 25... Nc5 26. Qxf7 h6) 25. Nxc7 Nxc7 26. Qxf7+ Kh8 {[%emt 0:00:02] [#]} 27. Qf8+ $3 1-0

[Event "European Women Blitz-ch 2024"]
[Site "Monaco"]
[Date "2025.01.10"]
[Round "12.15"]
[White "Injac, Teodora"]
[Black "Calzetta Ruiz, Monica"]
[Result "1-0"]
[Annotator "TA"]
[ECO "D05"]
[WhiteElo "2453"]
[BlackElo "2230"]
[PlyCount "61"]
[EventDate "2025.01.06"]
[EventType "swiss"]
[EventCountry "MNC"]
[SourceTitle "playchess.com"]
[Source "ChessBase"]
[SourceQuality "1"]
[TimeControl "180+2"]

1. d4 d5 2. Nf3 c5 3. e3 Nc6 4. c3 e6 5. Nbd2 Nf6 6. Bd3 Bd6 7. O-O O-O 8. dxc5 Bxc5 9. b4 Bd6 10. Bb2 b6 11. Qe2 Bb7 12. e4 dxe4 13. Nxe4 Be7 14. Rad1 {[%emt 0:00:18] and Nxf6+ should not be overlooked} Qc7 15. a3 Rad8 16. c4 Nxe4 17. Qxe4 g6 18. Qg4 (18. Qe3 $14) 18... f5 19. Qh3 e5 {[%emt 0:00:05] And now ...e4 would win.} 20. b5 Nd4 21. Nxd4 exd4 22. Rfe1 Bf6 23. Re6 {[%emt 0:00:07] [#]} Be4 $1 24. Bxe4 (24. Re1 {is interesting.} Qc8 25. Bxe4 fxe4 26. R6xe4 Qxc4 27. Qe6+) 24... fxe4 25. Rxe4 Qxc4 26. Qe6+ Qxe6 27. Rxe6 Kf7 28. Rc6 Rfe8 29. Kf1 Rd7 30. g3 Bg7 31. a4 1-0

[Event "European Women Blitz-ch 2024"]
[Site "Monaco"]
[Date "2025.01.10"]
[Round "12.16"]
[White "Javakhishvili, Lela"]
[Black "Garcia Martin, Marta"]
[Result "1-0"]
[Annotator "TA"]
[ECO "A37"]
[WhiteElo "2426"]
[BlackElo "2323"]
[PlyCount "61"]
[EventDate "2025.01.06"]
[EventType "swiss"]
[EventCountry "MNC"]
[SourceTitle "playchess.com"]
[Source "ChessBase"]
[SourceQuality "1"]
[TimeControl "180+2"]

1. Nf3 g6 2. c4 Bg7 3. Nc3 c5 4. g3 Nc6 5. Bg2 d6 6. a3 a5 7. O-O e6 {[%emt 0:00:29] [#]} 8. d4 $1 cxd4 9. Nb5 $1 Nge7 10. Nfxd4 Nxd4 11. Nxd4 O-O 12. Nb5 Ra6 (12... d5 $11 {remains equal.}) 13. Rb1 {[%emt 0:00:12] White is more active.} d5 14. c5 (14. b3 $14) 14... a4 15. e4 Bd7 16. Nd6 Bc6 17. Bg5 dxe4 18. Nxe4 Qxd1 19. Rfxd1 Nd5 20. Nd6 h6 21. Bd2 Rd8 22. Bb4 Raa8 23. h4 Bf8 24. Nc4 Rab8 25. Na5 Nxb4 26. axb4 Bxg2 27. Kxg2 Rxd1 28. Rxd1 $11 {[%emt 0:00:00] and Rd7 should not be overlooked. KRB-KRN} b6 $1 29. Nc6 Rc8 $1 30. Na7 Rb8 $2 (30... Ra8 $11 31. Nc6 (31. cxb6 Rb8 $11) 31... Rc8 (31... bxc5 32. b5 $15)) 31. c6 1-0

[Event "European Women Blitz-ch 2024"]
[Site "Monaco"]
[Date "2025.01.10"]
[Round "12.17"]
[White "Cramling, Pia"]
[Black "Caku, Kler"]
[Result "1-0"]
[Annotator "TA"]
[ECO "D36"]
[WhiteElo "2416"]
[BlackElo "2036"]
[PlyCount "89"]
[EventDate "2025.01.06"]
[EventType "swiss"]
[EventCountry "MNC"]
[SourceTitle "playchess.com"]
[Source "ChessBase"]
[SourceQuality "1"]
[TimeControl "180+2"]

1. d4 d5 2. c4 e6 3. Nc3 Nf6 4. cxd5 exd5 5. Bg5 Be7 6. e3 c6 7. Bd3 O-O 8. Qc2 Nbd7 9. h3 h6 10. Bf4 Re8 11. Nf3 Nf8 12. O-O Bd6 13. Bxd6 Qxd6 14. a3 N8d7 15. b4 a6 16. Rab1 a5 17. Rfc1 {[%emt 0:00:22] White is more active.} b5 18. e4 axb4 $2 ({Black should try} 18... Nxe4 $14 19. Nxe4 dxe4 20. Bxe4 Bb7) 19. e5 $18 (19. axb4 dxe4 20. Nxe4 Nxe4 21. Bxe4 Nb8 $18) 19... Qf8 20. axb4 Nh5 21. Ne2 {[%emt 0:00:02] Prevents Nf4} g6 22. Qxc6 Ra3 (22... Rb8 $142 23. Qxd5 (23. Bxb5 Rd8 $18) 23... Nb6 24. Qxb5 Be6) 23. Rc3 ({Less strong is} 23. Qxb5 Ba6 $18) 23... Nb8 24. Qc5 ({Don't do} 24. Qxd5 Rxc3 25. Nxc3 Nf4 $18) 24... Rxc3 25. Qxf8+ Kxf8 26. Nxc3 Nf4 27. Bxb5 Rd8 28. Bf1 Bb7 29. Na4 Bc6 30. b5 Bb7 31. Nc5 Ba8 (31... Bc8 $142 32. b6 Bd7) 32. b6 Nc6 $2 (32... Bc6 33. Nd2 Ne6) 33. b7 Bxb7 34. Rxb7 Rc8 35. g3 Nh5 36. Nd7+ Kg7 37. Nb6 Rd8 38. Bg2 Nb4 39. e6 Rf8 40. Ne5 Kf6 41. exf7 Ng7 42. Ned7+ Ke7 43. Nxf8+ Kxf8 44. Nxd5 Nxd5 45. Bxd5 1-0

[Event "European Women Blitz-ch 2024"]
[Site "Monaco"]
[Date "2025.01.10"]
[Round "12.18"]
[White "Kubicka, Anna"]
[Black "Gaponenko, Inna"]
[Result "0-1"]
[Annotator "TA"]
[ECO "B27"]
[WhiteElo "2230"]
[BlackElo "2346"]
[PlyCount "108"]
[EventDate "2025.01.06"]
[EventType "swiss"]
[EventCountry "MNC"]
[SourceTitle "playchess.com"]
[Source "ChessBase"]
[SourceQuality "1"]
[TimeControl "180+2"]

1. e4 c5 2. Nf3 g6 3. c3 Nf6 4. h3 Nxe4 5. Bb5 Bg7 6. O-O O-O {[%emt 0:00:03] Black is more active.} 7. Re1 d5 8. d3 Nf6 9. Ne5 a6 10. Ba4 b5 11. Bc2 Bb7 12. d4 c4 13. Bf4 Nbd7 14. Nd2 Nxe5 15. Bxe5 Nd7 16. Bxg7 Kxg7 17. f4 Nf6 18. Qe2 Re8 19. g4 Bc8 20. Qe5 Kg8 21. Nf3 Qd6 22. Qxd6 (22. Qe3 $11) 22... exd6 $15 23. Rxe8+ Nxe8 24. Re1 Bd7 25. Re7 Be6 (25... Ra7 $15) 26. f5 (26. Ng5 $11 Ng7 (26... Kf8 27. Rb7 $14) 27. b3) 26... Kf8 27. Rb7 Bc8 28. Rb6 Ke7 $1 29. a4 gxf5 30. gxf5 Bd7 31. Ng5 (31. a5 $17 {was called for.}) 31... h6 (31... bxa4 $19 32. Nxh7 Kd8) 32. Nh7 $17 Nc7 33. f6+ (33. Rb7 $1 $15 Rc8 34. Kf2) 33... Ke6 $2 (33... Ke8 $1 $17 {keeps the pressure on.}) 34. Rb7 $1 $18 Rc8 35. Ra7 $2 (35. Bd1 h5 36. Bxh5) 35... Bc6 {[%emt 0:00:04] [#]} 36. Nf8+ $2 Rxf8 $2 (36... Kxf6 $1 $17 {[%cal Ob5a4] Threatens to win with ...bxa4!.} 37. Nh7+ Ke7 38. axb5 axb5) 37. Rxc7 $17 {[%emt 0:00:01][%mdl 4096] Endgame KRB-KRB. Black is a pawn up.} Bd7 {[%emt 0:00:02] [#]} 38. Bf5+ $2 Kxf5 $19 39. Rxd7 {[%emt 0:00:01] KR-KR. Black is a pawn up.} Ke6 (39... bxa4 40. Rxd6 Rg8+ 41. Kf1 $11) 40. Ra7 bxa4 41. Rxa6 (41. Rb7 $142) 41... Rb8 (41... Kxf6 42. Rxd6+ Kf5 43. Rxd5+ Ke4 44. Ra5 $15) 42. Rxa4 Rxb2 43. Ra8 Rb3 44. Re8+ Kxf6 ({Less strong is} 44... Kf5 45. Re3 $17) 45. Rh8 Rxc3 46. Rxh6+ Ke7 47. Rh5 Ke6 48. Rh6+ f6 49. Rh8 Rd3 50. Re8+ Kf5 51. Rd8 Rxd4 52. Rxd6 c3 53. Rc6 Rc4 54. Rd6 d4 0-1